 Dungeon Crawl Stone Soup version 0.31-a0-152-g6aa68a64a1 (webtiles) character file.

Game seed: 13245094048485245919

848 Gargoyl the Chopper (level 8, -2/48 HPs)
             Began as a Gargoyle Berserker on June 11, 2023.
             Was a Priest of Trog.
             Killed from afar by a steam dragon (6 damage)
             ... with a ball of steam
             ... on level 5 of the Dungeon.
             The game lasted 00:04:56 (3278 turns).

Gargoyl the Chopper (Gargoyle Berserker)            Turns: 3278, Time: 00:04:57

Health: -2/48      AC: 18    Str: 21    XL:     8   Next: 1%
Magic:  8/8        EV:  7    Int:  8    God:    Trog [***...]
Gold:   1148       SH: 11    Dex: 11    Spells: 7/7 levels left

rFire   . . .        a - +0 hand axe (venom)
rCold   . . .        k - +0 tower shield
rNeg    + . .        h - +5 scale mail
rPois   ∞            (no helmet)
rElec   +            (no cloak)
rCorr   .            (no gloves)
SInv    .            (no boots)
Will    +++..        f - amulet of regeneration Stlth
                     (no ring)
HPRegen 2.08/turn    (no ring)
MPRegen 0.11/turn

%: no passive effects
@: mighty, strong-willed, on berserk cooldown, enlightened, flying,
regenerating, slowed, very slow
A: sickness immunity, AC +5, negative energy resistance 1, electricity
resistance, torment resistance 1, petrification resistance, big wings
a: Renounce Religion, Berserk, Trog's Hand


You were on level 5 of the Dungeon.
You worshipped Trog.
Trog was most pleased with you.
You visited 1 branch of the dungeon, and saw 5 of its levels.

You collected 1148 gold pieces.

Inventory:

Hand Weapons
 a - a +0 hand axe of venom (weapon)
 c - a +0 spear
Armour
 h - a +5 scale mail (worn)
 k - a +0 tower shield (worn)
Jewellery
 f - an amulet of regeneration (around neck)
Scrolls
 d - 2 scrolls of enchant armour
 g - a scroll of noise {unknown}
 j - 2 scrolls of teleportation
 l - a scroll of identify
Potions
 b - 2 potions of haste


   Skills:
 + Level 4.9 Fighting
 + Level 5.6 Axes
 + Level 5.1 Armour
 + Level 3.1 Dodging
 + Level 1.0 Stealth
 + Level 1.8 Shields


You had 7 spell levels left.
You didn't know any spells.
Your spell library was empty.

Dungeon Overview and Level Annotations

Branches:
Dungeon (5/15)
 Temple: D:4-7

Altars:
Fedhas

Shops:
D:1 (


Innate Abilities, Weirdness & Mutations

You are immune to sickness and miasma.
Your stone body is resilient. (AC +5)
You are immune to poison.
You resist negative energy. (rN+)
You are resistant to electric shocks. (rElec)
You are resistant to unholy torment.
You are immune to petrification.
Your large and strong wings let you fly.


Message History

The steam dragon bites you.
* * * LOW HITPOINT WARNING * * *
You block the steam dragon's attack.
The steam dragon bites you but does no damage.
You block the steam dragon's attack.
You feel better. The steam dragon breathes steam at you.
The ball of steam hits you!
* * * LOW HITPOINT WARNING * * *
You hear a shout!
It was a potion of might.
You feel very mighty all of a sudden.
You are engulfed in a cloud of scalding steam.
You block the steam dragon's attack.
The steam dragon claws you but does no damage.
The steam dragon barely misses you.
The steam dragon claws you but does no damage.
It was a potion of enlightenment.
You feel more buoyant.
You are engulfed in a cloud of scalding steam.
* * * LOW HITPOINT WARNING * * *
The steam dragon bites you but does no damage.
You block the steam dragon's attack.
Unknown command.
Really fly into that cloud of steam?
Okay, then.
Okay, then.
You hit the steam dragon.
The steam dragon is poisoned.
The steam dragon is lightly wounded.
The steam dragon bites you!
* * * LOW HITPOINT WARNING * * *
The steam dragon claws you but does no damage.
A gnoll comes into view. It is wielding a +0 club.
The steam dragon breathes steam at you. The ball of steam misses you.
Okay, then.
Okay, then.
The steam dragon breathes steam at you. The ball of steam hits you.
You die...

#gS.# #D5# # #.##
#. #†#
#..######W#######
#....Wg§W.†......
#..##D###........
##...§#
########....
####@# #..# #.#
#..# #.# ## #..
#.# #..... #.###
#.##.# #...#
#.##.# #.#.#
#.##<# #.#.#
####.##.# #.#.#
#.......####


You could see a steam dragon (poisoned, catching breath), a phantom and a gnoll.

Vanquished Creatures
  A water moccasin (D:5)
  A black bear (D:4)
  An ogre (D:5)
  A bullfrog (D:4)
  2 howler monkeys
  A sleepcap (D:5)
  3 hounds
  A gnoll bouda (D:5)
  4 iguanas
  An orc wizard (D:4)
  7 adders
  A white imp (D:5)
  2 ufetubi (D:5)
  A worm (D:2)
  3 dart slugs
  10 orcs
  4 ball pythons
  3 endoplasms
  4 giant cockroaches
  6 goblins
  3 hobgoblins
  4 quokkas
  3 bats
  4 frilled lizards
  7 kobolds
  7 rats
85 creatures vanquished.

Notes
Turn   | Place    | Note
-------+----------+-------------------------------------------
     0 | D:1      | Gargoyl the Gargoyle Berserker began the quest for the Orb.
     0 | D:1      | Reached XP level 1. HP: 14/14 MP: 1/1
    90 | D:1      | Reached XP level 2. HP: 16/19 MP: 2/2
   194 | D:1      | Identified a scroll of acquirement
   194 | D:1      | Acquired 923 gold pieces
   499 | D:1      | Found Logga's Weapon Shop.
   701 | D:1      | Reached XP level 3. HP: 23/24 MP: 3/3
   785 | D:2      | Reached ** piety under Trog
  1224 | D:2      | Reached XP level 4. HP: 27/29 MP: 4/4
  2655 | D:4      | Reached XP level 5. HP: 24/33 MP: 5/5
  2823 | D:4      | Found a blossoming altar of Fedhas.
  2832 | D:4      | Noticed a black bear
  2840 | D:4      | Killed a black bear
  2841 | D:4      | Reached XP level 6. HP: 39/39 MP: 6/6
  2905 | D:4      | Reached *** piety under Trog
  2940 | D:4      | Reached XP level 7. HP: 44/44 MP: 7/7
  3172 | D:5      | Entered Level 5 of the Dungeon
  3176 | D:5      | Gained mutation: Your large and strong wings let you fly.
                  | [potion of mutation]
  3227 | D:5      | Reached skill level 5 in Axes
  3238 | D:5      | Noticed a steam dragon
  3241 | D:5      | Reached skill level 1 in Shields
  3259 | D:5      | Reached skill level 5 in Armour
  3259 | D:5      | Reached skill level 1 in Stealth
  3271 | D:5      | Reached XP level 8. HP: 14/48 MP: 8/8
  3276 | D:5      | HP: 2/48 [steam dragon] (7)]
  3278 | D:5      | Killed from afar by a steam dragon

Illustrated notes

Levels and vault maps discovered:
D:1:      giann_bridges, layout_loops_ring, serial_shops, shop
D:2:      layout_loops_ring
D:3:      layout_basic, minmay_misc_feat_ornament, patterned_corridor
D:4:      layout_cave_pools, kennysheep_mini_moat
D:5:      layout_loops_ring, serial_shops, nicolae_shop_just_a_little_nook,
          minmay_misc_feat_five, minmay_pentangle

Skill      XL: |  1  2  3  4  5  6  7 |
---------------+----------------------+-----
Axes           | 3 4 5 |  5.6
Dodging        | 2 3 |  3.1
Fighting       | 4 |  4.9
Armour         | 3 4 5 |  5.1
Shields        | 1 |  1.8
Stealth        | 1 |  1.0

Action                     |  1- 3 |  4- 6 |  7- 9 || total
---------------------------+-------+-------+-------++-------
  Melee: Hand axe          |   163 |    71 |    48 ||   282
         Punch             |     1 |       |       ||     1
 Invoke: Berserk           |     1 |     2 |     1 ||     4
         Trog's Hand       |       |       |     2 ||     2
    Use: Scroll            |     4 |     6 |     1 ||    11
         Potion            |       |       |     4 ||     4
 Armour: Animal skin       |    35 |       |       ||    35
         Chain mail        |    42 |     2 |       ||    44
         Scale mail        |       |    53 |    54 ||   107
  Dodge: Dodged            |   120 |    50 |    31 ||   201
  Block: Tower shield      |       |    19 |    32 ||    51

Table legend: (Time is in decaauts)
 A = Elapsed time spent in this place.
 B = Non-inter-level travel time spent in this place.
 C = Inter-level travel time spent in this place.
 D = Time resting spent in this place.
 E = Time spent auto-exploring this place.
 F = Levels seen in this place.
 G = Mean time per level.
                   A        B        C        D        E       F      G
               +--------+--------+--------+--------+--------+-----+--------+
         Total |   3369 |   3290 |     79 |      0 |   2477 |   5 |  673.8 |
       Dungeon |   3369 |   3290 |     79 |      0 |   2477 |   5 |  673.8 |
               +--------+--------+--------+--------+--------+-----+--------+

Top non-repeatable levels by time:
     D:3: 966 daAuts
     D:2: 879 daAuts
     D:1: 792 daAuts
     D:4: 607 daAuts
     D:5: 123 daAuts
